 Dungeon Crawl Stone Soup version 0.16.2-3-ga078185 (webtiles) character file.

49 gorblad the Sneak (level 3, -2/27 HPs)
             Began as a Demonspawn Assassin on Sept 6, 2015.
             Slain by a hobgoblin (3 damage)
             ... on level 2 of the Dungeon.
             The game lasted 00:04:47 (1707 turns).

gorblad the Sneak (Demonspawn Assassin)             Turns: 1707, Time: 00:04:47

Health: -2/27      AC:  6    Str: 11    XL:     3   Next: 51%
Magic:  3/3        EV: 16    Int: 12    God:
Gold:   51         SH:  0    Dex: 20    Spells: 0 memorised, 2 levels left

rFire  + . .     SeeInvis .     a - +2 dagger
rCold  . . .     Clarity  .     k - +0 ring mail
rNeg   . . .     SustAb   .     (no shield)
rPois  .         Gourm    .     (helmet restricted)
rElec  .         Spirit   .     d - +0 cloak
rCorr  .         Warding  .     (no gloves)
rMut   .         Stasis   .     (no boots)
MR     .....                    (no amulet)
Stlth  +++.......               u - ring of flight
                                n - ring of protection from fire

@: agile, lethally poisoned (-2 -> -13), flying, not resistant to hostile
enchantments, fairly stealthy
A: horns 1, powered by pain 1
a: no special abilities


You were on level 2 of the Dungeon.
You were not hungry.

You visited 1 branch of the dungeon, and saw 2 of its levels.

You collected 51 gold pieces.

Inventory:

Hand weapons
 a - a +2 dagger (weapon)
 b - a +0 blowgun
Missiles
 e - 8 poisoned needles
 f - 2 curare-tipped needles
Armour
 c - a +0 robe
 d - a +0 cloak (worn)
 k - a +0 ring mail (worn)
Jewellery
 n - a ring of protection from fire (left hand)
 u - a ring of flight (right hand)
Scrolls
 h - a scroll of noise {unknown}
 i - a scroll of fog {unknown}
 j - 3 scrolls of identify {unknown}
 l - a scroll of blinking {unknown}
Potions
 o - a potion of flight
 r - a potion of heal wounds {unknown}
 t - 2 potions of might {unknown}
Comestibles
 g - 3 bread rations
 m - a royal jelly
 q - a fruit
 s - a meat ration


   Skills:
 + Level 2.2 Fighting
 + Level 1.9 Short Blades
 + Level 1.9 Throwing
 + Level 1.2 Armour
 + Level 1.4 Dodging
 + Level 4.2 Stealth


You had 2 spell levels left.
You didn't know any spells.

Dungeon Overview and Level Annotations

Branches:
Dungeon (2/15)

Altars:


Innate Abilities, Weirdness & Mutations

You have a pair of small horns on your head.
You sometimes gain a little power by taking damage.


Message History

You feel sick.
You see here a poisoned javelin.
* * * LOW HITPOINT WARNING * * *
You feel sick.
* * * LOW HITPOINT WARNING * * *
You feel sick.
* * * LOW HITPOINT WARNING * * *
You feel sick.
* * * LOW HITPOINT WARNING * * *
You feel sick.
It was a potion of flight.
You feel very buoyant.
You fly up into the air.
* * * LOW HITPOINT WARNING * * *
You feel sick.
It was a potion of agility.
You feel agile all of a sudden.
* * * LOW HITPOINT WARNING * * *
You feel sick. The hobgoblin hits you.
You die...

#########
#.......##########
#................#
#................#
##................#
#..(..............# #
##.(...............#
#..####lg@...........#####
#....(.#....).......#
#......)..##...[..^.....#
.######.###...†........#
#.. ###.#........#####
##.# #.#............. ...
#.#.............
##.##.......).......
#..#........).).(..


You could see a hobgoblin and a giant newt.

Vanquished Creatures
  2 worms
  5 bats
  5 goblins
  6 hobgoblins
  A giant cockroach (D:1)
  A giant gecko (D:2)
  3 giant newts (D:1)
  5 kobolds
  8 rats
36 creatures vanquished.

Notes
Turn   | Place    | Note
--------------------------------------------------------------
     0 | D:1      | gorblad, the Demonspawn Assassin, began the quest for the Orb.
     0 | D:1      | Reached XP level 1. HP: 16/16 MP: 1/1
   322 | D:1      | Gained mutation: You have a pair of small horns on your head. [demonic ancestry]
   322 | D:1      | Reached XP level 2. HP: 20/22 MP: 2/2
   366 | D:1      | Reached skill level 4 in Stealth
   684 | D:1      | Reached skill level 1 in Dodging
  1234 | D:2      | Gained mutation: You sometimes gain a little power by taking damage. [demonic ancestry]
  1234 | D:2      | Reached XP level 3. HP: 14/27 MP: 3/3
  1387 | D:2      | Reached skill level 1 in Armour
  1707 | D:2      | HP: 1/27 [poisoned by a hobgoblin]
  1707 | D:2      | Slain by a hobgoblin

Action                   || total
-------------------------++-------
Melee: Dagger            ||   116
  Use: Potion            ||     2
 Stab: Sleeping          ||     2
  Eat: Chunk             ||     1
       Fruit             ||     2
